 Dungeon Sprint DCSS version 0.28-a0-245-g639a1a48b9 (webtiles) character file.

Game seed: 2028342015442042954

5950454 MikeHunt the Conqueror (level 23, 120/219 HPs)
             Began as a Demonspawn Monk on Aug 24, 2021.
             Was the Champion of Qazlal.
             Escaped with the Orb
             ... and 3 runes!
             The game lasted 01:03:15 (10757 turns).

MikeHunt the Conqueror (Demonspawn Monk)           Turns: 10757, Time: 01:03:16

Health: 120/219    AC: 48    Str: 20    XL:     23   Next: 8%
Magic:  54/54      EV: 32    Int: 13    God:    Qazlal [******]
Gold:   145        SH: 13    Dex: 21    Spells: 62/76 levels left

rFire   + + .      SeeInvis .     - Unarmed
rCold   + . .      Faith    .   (no shield)
rNeg    + . .      Spirit   .   i - +7 pearl dragon scales
rPois   .          Reflect  +   J - +4 hat
rElec   +          Harm     .   n - +2 cloak {rCorr}
rCorr   +          Rampage  .   H - +4 pair of gloves
Will    +++++      NoTele   +   (boots unavailable)
Stlth   ..........              k - amulet of Melee {Reflect Regen+ rCorr Int+5 SH+5}
HPRegen 1.46/turn               x - ring of Diohotat {Drain rElec rF+ rC+ Slay+2}
MPRegen 0.34/turn               L - ring of Internal Strife {rElec Will+++ EV+4 Str+5 Int-3}

@: mighty, studying 3 skills, repel missiles
A: talons 3, molten scales 3, hurl damnation, foul stench 2, spiny 3, torment
resistance 1, demonic willpower, agile 1, dopey 1, shaggy fur 1, weak 1
0: Orb of Zot
}: 3/3 runes: silver, golden, iron
a: Hurl Damnation, Renounce Religion, Upheaval, Elemental Force, Disaster Area


You escaped.
You worshipped Qazlal.
Qazlal was exalted by your worship.
You visited 1 branch You collected 145 gold pieces.

Inventory:

Missiles
 D - 2 throwing nets (quivered)
Armour
 i - +7 pearl dragon scales (worn)
 n - a +2 cloak of preservation (worn)
 H - a +4 pair of gloves (worn)
 J - a +4 hat (worn)
Jewellery
 f - the ring "Suumuduusk" {Wiz rC+++ Will+ Str-3}
   (You found it in the Dungeon)

   [ring of wizardry]

   It improves your spell success rate.
   Str:       It affects your strength (-3).
   rC:        It renders you almost immune to cold.
   Will:      It increases your willpower.
 j - the amulet "Bemam" {RegenMP Regen+}
   (You found it in the Dungeon)

   [amulet of magic regeneration]

   It increases your rate of magic regeneration.
   Regen:     It increases your rate of health regeneration.
 k - the amulet of Melee (around neck) {Reflect Regen+ rCorr Int+5 SH+5}
   (You found it in the Dungeon)

   [amulet of reflection]

   It reflects blocked missile attacks.
   Int:       It affects your intelligence (+5).
   Regen:     It increases your rate of health regeneration.
   rCorr:     It protects you from acid and corrosion.
   SH:        It affects your SH (+5).
 s - the amulet "Achurumou" {RegenMP +Inv rElec}
   (You found it in the Dungeon)

   [amulet of magic regeneration]

   It increases your rate of magic regeneration.
   rElec:     It insulates you from electricity.
   +Inv:      It lets you turn invisible.
 u - the ring "Ontiu" {Dex+6 Slay+5}
   (You found it in the Dungeon)

   [ring of slaying]

   Dex:       It affects your dexterity (+6).
   Slay:      It affects your accuracy & damage with ranged weapons and melee
   (+5).
 v - the ring "Fuzuni" {Wiz rElec rCorr MP+9 Slay-4}
   (You found it in the Dungeon)

   [ring of wizardry]

   It improves your spell success rate.
   Slay:      It affects your accuracy & damage with ranged weapons and melee
   (-4).
   rElec:     It insulates you from electricity.
   MP:        It affects your magic capacity (+9).
   rCorr:     It protects you from acid and corrosion.
 x - the ring of Diohotat (left hand) {Drain rElec rF+ rC+ Slay+2}
   (You found it in the Dungeon)

   [ring of protection from cold]

   Slay:      It affects your accuracy & damage with ranged weapons and melee
   (+2).
   rF:        It protects you from fire.
   rC:        It protects you from cold.
   rElec:     It insulates you from electricity.
   Drain:     It drains your maximum health when unequipped.
 G - a +4 ring of evasion
 I - the ring "Ixuzig" {rPois EV+6 Str+2 Dex+8}
   (You found it in the Dungeon)

   [ring of evasion]

   EV:        It affects your evasion (+6).
   Str:       It affects your strength (+2).
   Dex:       It affects your dexterity (+8).
   rPois:     It protects you from poison.
 K - an amulet of guardian spirit
 L - the ring of Internal Strife (right hand) {rElec Will+++ EV+4 Str+5 Int-3}
   (You found it in the Dungeon)

   [ring of evasion]

   EV:        It affects your evasion (+4).
   Str:       It affects your strength (+5).
   Int:       It affects your intelligence (-3).
   rElec:     It insulates you from electricity.
   Will:      It greatly increases your willpower.
 M - a ring of poison resistance
 P - a +6 ring of strength
Wands
 z - a wand of iceblast (5)
Scrolls
 g - 5 scrolls of blinking
 o - 6 scrolls of fear
 p - 6 scrolls of identify
 q - 2 scrolls of fog
 C - 5 scrolls of enchant weapon
 F - a scroll of summoning
Potions
 a - a potion of berserk rage
 b - 11 potions of curing
 e - 8 potions of magic
 h - 2 potions of invisibility
 l - 7 potions of brilliance
 r - a potion of resistance
 t - a potion of cancellation
 w - a potion of attraction
 A - 4 potions of mutation
 E - 2 potions of flight
Miscellaneous
 y - a lightning rod (4/4)
 B - a condenser vane
 N - a phantom mirror


   Skills:
 O Level 27 Fighting
 + Level 8.1 Throwing
 O Level 27 Armour
 O Level 27 Dodging
 - Level 1.7 Stealth
 O Level 27 Unarmed Combat
 O Level 27 Spellcasting
 O Level 27 Necromancy
 O Level 27 Transmutations
 O Level 27 Earth Magic
 O Level 27 Invocations
 O Level 27 Evocations


You had 62 spell levels left.
You knew the following spells:

 Your Spells              Type           Power      Damage    Failure   Level
a - Infestation           Necr           36%        N/A       1%          8
b - Statue Form           Tmut/Erth      48%        N/A       0%          6

Your spell library contained the following spells:

 Spells                   Type           Power      Damage    Failure   Level
 Animate Skeleton         Necr           100%       N/A       0%          1
 Sandblast                Erth           100%       2d20      0%          1
 Sting                    Tmut/Pois      100%       1d8       0%          1
 Passwall                 Tmut/Erth      60%        N/A       0%          2
 Vampiric Draining        Necr           36%        2d11      0%          3
 Animate Dead             Necr           36%        N/A       0%          4
 Dispel Undead            Necr           73%        3d24      0%          4
 Lee's Rapid Deconstruct  Erth           36%        3d19*     0%          5
 Death Channel            Necr           36%        N/A       0%          6
 Corpse Rot               Necr/Air       N/A        N/A       1%          2
 Stone Arrow              Conj/Erth      100%       3d13      1%          3
 Animate Armour           Summ/Erth      100%       N/A       1%          4
 Leda's Liquefaction      Hex/Erth       25%        N/A       1%          4
 Alistair's Intoxication  Tmut/Pois      34%        N/A       1%          5
 Bolt of Magma            Conj/Fire/Erth 20%        4d10      2%          5
 Apportation              Tloc           34%        N/A       3%          1
 Corona                   Hex            18%        N/A       3%          1
 Summon Small Mammal      Summ           68%        N/A       3%          1
 Poisonous Vapours        Pois/Air       34%        N/A       4%          2
 Searing Ray              Conj           34%        3d4       4%          2
 Death's Door             Necr           36%        N/A       4%          9
 Call Canine Familiar     Summ           17%        N/A       10%         3
 Dazzling Flash           Conj/Hex       34%        N/A       10%         3
 Portal Projectile        Hex/Tloc       34%        N/A       10%         3
 Summon Guardian Golem    Hex/Summ       17%        N/A       10%         3
 Haunt                    Necr/Summ      25%        N/A       11%         7
 Hailstorm                Conj/Ice       17%        3d6       32%         4
 Olgreb's Toxic Radiance  Pois           17%        N/A       32%         4
 Lehudib's Crystal Spear  Conj/Erth      25%        10d7      63%         8
 Fireball                 Conj/Fire      8%         3d6       65%         5
 Freezing Cloud           Conj/Ice/Air   8%         6-21      65%         5
 Iskenderun's Battlesphe  Conj           17%        2d7       65%         5
 Summon Forest            Summ/Tloc      8%         N/A       65%         5
 Summon Mana Viper        Hex/Summ       17%        N/A       65%         5
 Conjure Ball Lightning   Conj/Air       8%         3x3d6     99%         6
 Dispersal                Tloc           8%         N/A       99%         6
 Invisibility             Hex            8%         N/A       99%         6
 Shadow Creatures         Summ           N/A        N/A       99%         6
 Orb of Destruction       Conj           8%         9d4       100%        7
 Discord                  Hex            8%         N/A       100%        8
 Disjunction              Tloc           8%         N/A       100%        8


Dungeon Overview and Level Annotations

Branches:
Dungeon (1/1)

Altars:
Ashenzari
Cheibriados
Dithmenos
Elyvilon
Fedhas
Gozag
Hepliaklqana
Kikubaaqudgha
Makhleb
Nemelex Xobeh
Okawaru
Qazlal
Ru
Sif Muna
Trog
Uskayaw
Vehumet
Wu Jian
Xom
Yredelemnul
Zin
The Shining One
Beogh
Jiyva
Lugonu


Innate Abilities, Weirdness & Mutations

You have claws for feet.
You are completely covered in molten scales. (AC +4, rF+)
You can hurl damnation.
You sometimes emit foul miasma when damaged in melee.
You are completely covered in sharp spines.
You are resistant to unholy torment.
You punish those that try to bend your will. (Will+)
You are agile. (Dex +2)
You are dopey. (Int -2)
You are covered in fur. (AC +1)
You are weak. (Str -2)


Message History

The green death gestures at you. The bolt of poison misses you.
You see here 36 stones.
The titan waves its arms in wide circles.
The air twists around and strikes you. Why would you want to do that?
Why would you want to do that?
Unknown command.
Unknown command.
Things that are here:
a +0 club; a +0 short sword You hit the titan.
Your kick misses the titan. You punch the titan!!
The titan is moderately wounded.
You pummel the titan!! You claw the titan!
The titan is heavily wounded.
The green death gestures at you. The bolt of poison misses you.
The titan mumbles some strange words.
The titan is healed somewhat.
You punch the titan! You claw the titan, but do no damage.
The titan is heavily wounded.
You pummel the titan!! You claw the titan! You punch the titan!!
The titan is almost dead.
The titan is struck by your spines.
You kill the titan!
Qazlal accepts your kill.
Your Throwing skill gained 2 levels and is now at level 8!
The green death gestures at you. The poison arrow misses you.
The green death gestures at you. The bolt of poison misses you.
The green death gestures at you.
The bolt of poison is repelled.
Things that are here:
a +0 mace; a +0 plate armour
There is a staircase leading out of the dungeon here.
Unknown command.
You can't go down here!
Unknown command.
You have escaped!

##########)##.....).2........''..
#.)..).)....))...............''..
#'#####.#####[.....#..#......##..
#.#..#..#..##....2...).......##..
#.#..'..'..#####.#####..#########
#)##+####'###...)...##.)#########
#.#.....)..##...☼.§.##......)..'.
#.#........##.......##..)...'..'.
#.#####'#####.§°@...##.....##..##
#.#...)))..##..○○°..##...###....#
#.#...)))[.##.......##).##.......
#'###########.......##''#÷..#..#.
#..#.#.##..###########..)..(.....
#.......#†############''#)..#..#.
##.#.#.##†#....#..[[##..##.......
#.......#)#....#...[##...###....#
##.#.#.##.'....'..))##.....##..##


You could see a green death.

Vanquished Creatures
  Cerebov (D)
  Antaeus (D)
  Dissolution (D)
  Gloorx Vloq (D)
  the Royal Jelly (D)
  Lom Lobon (D)
  Mnoleg (D)
  3 ancient liches (D)
  An orb of fire (D)
  Mara (D)
  Mennas (D)
  4 royal mummies (D)
  Boris (D)
  the Lernaean hydra (D)
  2 Killer Klowns (D)
  Margery (D)
  Frederick (D)
  2 curse toes (D)
  A golden dragon (D)
  3 bone dragons (D)
  A pearl dragon (D)
  A profane servitor (D)
  5 Tzitzimimeh (D)
  5 Brimstone Fiends (D)
  5 hellephants (D)
  4 electric golems (D)
  3 tentacled monstrosities (D)
  Rupert (D)
  3 Hell Sentinels (D)
  An Ice Fiend (D)
  12 titans (D)
  24 Orb Guardians (D)
  2 quicksilver dragons (D)
  A deep elf master archer (D)
  2 Executioners (D)
  6 deep elf blademasters (D)
  9 acid blobs (D)
  Frances (D)
  2 sphinxes (D)
  4 storm dragons (D)
  8 pandemonium lords (D)
  2 shadow dragons (D)
  26 fire giants (D)
  3 nagarajas (D)
  6 azure jellies (D)
  3 ghost moths (D)
  10 rockslimes (D)
  4 deep elf sorcerers (D)
  2 cacodemons (D)
  A draconian shifter (D)
  15 frost giants (D)
  A draconian scorcher (D)
  2 balrugs (D)
  15 orc warlords (D)
  A draconian stormcaller (D)
  3 spriggan defenders (D)
  A draconian annihilator (D)
  A war gargoyle (D)
  An apis (D)
  3 ophanim (D)
  2 quicksilver oozes (D)
  3 reapers (D)
  12 stone giants (D)
  3 green draconians (D)
  A white draconian (D)
  3 vampire knights (D)
  A deep elf demonologist (D)
  A deep elf annihilator (D)
  3 black draconians (D)
  2 dire elephants (D)
  3 purple draconians (D)
  A yellow draconian (D)
  5 deep elf death magi (D)
  A minotaur (D)
  A blizzard demon (D)
  2 green deaths (D)
  A red draconian (D)
  A merfolk javelineer (D)
  16 ettins (D)
  2 mummy priests (D)
  An ice dragon (D)
  A yaktaur captain (D)
  2 hell beasts (D)
  3 vault guards (D)
  7 naga warriors (D)
  A hydra (D)
  A rakshasa (D)
  A merfolk avatar (D)
  A catoblepas (D)
  A boulder beetle (D)
  3 centaur warriors (D)
  An anaconda (D)
  A death knight (D)
  An ogre mage (D)
  A deep troll shaman (D)
  3 dancing weapons (D)
  5 vampire magi (D)
  6 two-headed ogres (D)
  6 orc high priests (D)
  4 hell hogs (D)
  9 hell knights (D)
  6 deep elf knights (D)
  A soul eater (D)
  Sonja (D)
  2 sun demons (D)
  4 iron trolls (D)
  2 deep trolls (D)
  A cherub (D)
  A deep elf archer (D)
  A flayed ghost (D)
  A bog body (D)
  A spriggan druid (D)
  4 wizards (D)
  5 harpies (D)
  27 orc knights (D)
  3 deep elf zephyrmancers (D)
  3 necromancers (D)
  2 ugly things (D)
  2 deep elf pyromancers (D)
  9 cyclopes (D)
  13 orc sorcerers (D)
  6 elephants (D)
  3 smoke demons (D)
  An eye of devastation (shapeshifter) (D)
  An eye of devastation (D)
  A molten gargoyle (D)
  An unseen horror (D)
  A freezing wraith (D)
  A demonic crawler (D)
  A hellwing (D)
  6 rime drakes (D)
  3 tormentors (D)
  4 ice devils (D)
  10 yaktaurs (D)
  A troll (D)
  4 merfolk (D)
  A jumping spider (D)
  2 hornets (D)
  2 tyrant leeches (D)
  7 blink frogs (D)
  A dream sheep (shapeshifter) (D)
  An air elemental (D)
  2 flying skulls (D)
  A wyvern (D)
  3 redbacks (D)
  A spriggan (D)
  A ynoxinul (D)
  A vampire (D)
  A large abomination (D)
  A golden eye (D)
  5 yaks (D)
  3 vampire mosquitoes (D)
  5 wargs (D)
  4 nagas (D)
  An acid dragon (D)
  2 small abominations (D)
  A floating eye (D)
  8 hell hounds (D)
  A black bear (D)
  20 orc warriors (D)
  A water moccasin (D)
  A floating eye (shapeshifter) (D)
  A necrophage (D)
  2 ogres (D)
  2 wolves (D)
  2 phantoms (D)
  A centaur (D)
  2 earth elementals (D)
  A scorpion (D)
  4 killer bees (D)
  A hound (D)
  A jelly (D)
  An orc priest (D)
  An orc wizard (D)
  2 gnolls (D)
  An adder (D)
  A white imp (D)
  An adder skeleton (D)
  13 orcs (D)
  2 endoplasms (D)
  9 jackals (D)
  3 quokkas (D)
  2 bats (D)
  3 frilled lizards (D)
  4 kobolds (D)
  A ball lightning (D)
623 creatures vanquished.

Vanquished Creatures (collateral kills)
  Xtahua (D)
  A Hell Sentinel (D)
  An Orb Guardian (D)
  A deep elf sorcerer (D)
  An apis (D)
5 creatures vanquished.

Vanquished Creatures (others)
  A pandemonium lord (D)
  An Orb Guardian (D)
  2 eldritch tentacles (D)
  A fire giant (D)
  A deep elf zephyrmancer (D)
  A blink frog (D)
  2 orc warriors (D)
  An orc (D)
  14 ball lightnings (D)
24 creatures vanquished.

Grand Total: 652 creatures vanquished

Notes
Turn   | Place    | Note
-------+----------+-------------------------------------------
     0 | D        | MikeHunt the Demonspawn Monk began the quest for the Orb.
     0 | D        | Reached XP level 1. HP: 18/18 MP: 1/1
   204 | D        | Found a bloodstained altar of Trog.
   204 | D        | Found a shimmering blue altar of Sif Muna.
   204 | D        | Found a viscous altar of Jiyva.
   204 | D        | Found a hazy altar of Hepliaklqana.
   204 | D        | Found an opulent altar of Gozag.
   205 | D        | Found a basalt altar of Yredelemnul.
   205 | D        | Found a shimmering altar of Xom.
   205 | D        | Found an ornate altar of the Wu Jian Council.
   205 | D        | Found a sacrificial altar of Ru.
   205 | D        | Found a stormy altar of Qazlal.
   205 | D        | Found an iron altar of Okawaru.
   205 | D        | Found a sparkling altar of Nemelex Xobeh.
   205 | D        | Found a burning altar of Makhleb.
   205 | D        | Found a blossoming altar of Fedhas.
   205 | D        | Found a shadowy altar of Dithmenos.
   205 | D        | Found a snail-covered altar of Cheibriados.
   206 | D        | Found a radiant altar of Vehumet.
   206 | D        | Found a corrupted altar of Lugonu.
   207 | D        | Found an ancient bone altar of Kikubaaqudgha.
   207 | D        | Found a hide-covered altar of Uskayaw.
   207 | D        | Found a broken altar of Ashenzari.
   210 | D        | Became a worshipper of Qazlal Stormbringer
   210 | D        | Reached * piety under Qazlal
   210 | D        | Reached ** piety under Qazlal
   255 | D        | Gained mutation: You are partially covered in sharp spines.
                  | [demonic ancestry]
   255 | D        | Reached XP level 2. HP: 21/24 MP: 2/2
   286 | D        | Reached *** piety under Qazlal
   287 | D        | Reached skill level 5 in Unarmed Combat
   292 | D        | Reached XP level 3. HP: 2/29 MP: 2/5
   587 | D        | Reached **** piety under Qazlal
   639 | D        | Noticed a flying skull
   639 | D        | Noticed a phantom
   640 | D        | Noticed a water moccasin
   643 | D        | Killed a flying skull
   644 | D        | Reached XP level 4. HP: 29/35 MP: 6/10
   644 | D        | Gained mutation: You are partially covered in molten
                  | scales. (AC +2) [demonic ancestry]
   644 | D        | Reached XP level 5. HP: 34/41 MP: 7/12
   646 | D        | Reached ***** piety under Qazlal
   647 | D        | Reached skill level 10 in Invocations
   652 | D        | Killed a water moccasin
   653 | D        | Reached XP level 6. HP: 39/47 MP: 4/14
   657 | D        | Reached skill level 10 in Unarmed Combat
   780 | D        | Noticed a cyclops
   792 | D        | Killed a cyclops
   793 | D        | Reached skill level 5 in Fighting
   793 | D        | Reached skill level 5 in Dodging
   793 | D        | Reached XP level 7. HP: 51/57 MP: 11/16
   815 | D        | Noticed a tyrant leech
   829 | D        | Killed a tyrant leech
   829 | D        | Reached ****** piety under Qazlal
   830 | D        | Reached skill level 5 in Armour
   927 | D        | Noticed Sonja
   927 | D        | Noticed a smoke demon
   929 | D        | Killed Sonja
   930 | D        | Gained mutation: You are mostly covered in molten scales.
                  | (AC +3) [demonic ancestry]
   930 | D        | Reached XP level 8. HP: 36/68 MP: 8/17
   944 | D        | Killed a smoke demon
  1097 | D        | Gained mutation: You may rarely emit foul miasma when
                  | damaged in melee. [demonic ancestry]
  1097 | D        | Reached XP level 9. HP: 67/76 MP: 18/18
  1098 | D        | Noticed a freezing wraith
  1102 | D        | Noticed a boulder beetle
  1123 | D        | Noticed a flayed ghost
  1127 | D        | Killed a flayed ghost
  1132 | D        | Killed a freezing wraith
  1348 | D        | Noticed a smoke demon
  1364 | D        | Killed a smoke demon
  1365 | D        | Reached skill level 10 in Fighting
  1383 | D        | Killed a boulder beetle
  1435 | D        | Reached XP level 10. HP: 68/86 MP: 10/20
  1504 | D        | Noticed a centaur warrior
  1512 | D        | Killed a centaur warrior
  1513 | D        | Reached skill level 10 in Dodging
  1610 | D        | Noticed an orc knight
  1614 | D        | Killed an orc knight
  1615 | D        | Reached skill level 10 in Armour
  1670 | D        | Noticed an orc sorcerer
  1686 | D        | Killed an orc sorcerer
  1846 | D        | Noticed a deep elf pyromancer
  1857 | D        | Killed a deep elf pyromancer
  1858 | D        | Reached skill level 15 in Invocations
  1909 | D        | Noticed a smoke demon
  1910 | D        | Noticed a deep elf zephyrmancer
  1910 | D        | Noticed a green death
  1911 | D        | Killed a wizard
  1912 | D        | Reached XP level 11. HP: 69/95 MP: 17/22
  1912 | D        | Killed a deep elf zephyrmancer
  1913 | D        | Killed a green death
  1989 | D        | Killed a ghost moth
  2313 | D        | Noticed an orc high priest
  2319 | D        | Killed an orc high priest
  2648 | D        | Noticed a naga warrior
  2659 | D        | Killed a naga warrior
  2665 | D        | Noticed a naga warrior
  2729 | D        | Gained mutation: You are completely covered in molten
                  | scales. (AC +4, rF+) [demonic ancestry]
  2729 | D        | Reached XP level 12. HP: 47/105 MP: 17/24
  2733 | D        | Killed a naga warrior
  2977 | D        | Found the +27 Lear's hauberk
  2977 | D        | Noticed a bone dragon
  3021 | D        | Killed a bone dragon
  3300 | D        | Noticed a merfolk avatar
  3310 | D        | Killed a merfolk avatar
  3383 | D        | Identified the +3 chain mail "Igasan" {-Cast Rampage rCorr
                  | Dex+7}
  3394 | D        | Noticed a vampire knight
  3401 | D        | Killed a vampire knight
  3419 | D        | Noticed a spriggan defender
  3421 | D        | Killed a spriggan defender
  3422 | D        | Reached skill level 15 in Fighting
  3486 | D        | Noticed a minotaur
  3488 | D        | Noticed a hell hog
  3490 | D        | Killed a hell hog
  3490 | D        | Noticed a hell hog
  3491 | D        | Gained mutation: You are mostly covered in sharp spines.
                  | [demonic ancestry]
  3491 | D        | Reached XP level 13. HP: 106/116 MP: 6/26
  3516 | D        | Reached skill level 15 in Unarmed Combat
  3521 | D        | Killed a minotaur
  3947 | D        | Noticed an orc warlord
  3947 | D        | Noticed an orc warlord
  3951 | D        | Reached skill level 15 in Dodging
  3951 | D        | Killed an orc warlord
  3951 | D        | Killed an orc warlord
  3952 | D        | Reached skill level 15 in Armour
  3952 | D        | Reached XP level 14. HP: 107/128 MP: 13/28
  4569 | D        | Noticed a vampire knight
  4572 | D        | Noticed a bone dragon
  4580 | D        | Noticed a spriggan defender
  4580 | D        | Noticed Rupert
  4581 | D        | Killed a spriggan defender
  4588 | D        | Killed Rupert
  4621 | D        | Killed a bone dragon
  4622 | D        | Gained mutation: You have sharp toenails. [demonic
                  | ancestry]
  4622 | D        | Reached XP level 15. HP: 109/138 MP: 9/30
  4942 | D        | Noticed a fire giant
  4953 | D        | Killed a fire giant
  4962 | D        | Noticed a deep elf master archer
  4966 | D        | Noticed a hellephant
  4969 | D        | Noticed a rockslime
  5058 | D        | Killed a rockslime
  5115 | D        | Noticed a storm dragon
  5130 | D        | Killed a storm dragon
  5142 | D        | Identified the +8 short sword of Rinnutux {freeze, Str+3
                  | Int+7 Dex+5}
  5267 | D        | Killed a deep elf master archer
  5538 | D        | Noticed a fire giant
  5539 | D        | Noticed Boris
  5579 | D        | Killed Boris
  5581 | D        | Killed a fire giant
  5599 | D        | Noticed a frost giant
  5608 | D        | Killed a frost giant
  5614 | D        | Got Badyoniu's Catalogue of Doomed Beguiling
  5640 | D        | Got the amulet of Liberty {Regen+ Stlth+}
  5921 | D        | Reached skill level 5 in Evocations
  5973 | D        | Noticed Frances
  5985 | D        | Noticed a sphinx
  5989 | D        | Killed Frances
  5990 | D        | Reached skill level 10 in Evocations
  5991 | D        | Noticed a nagaraja
  5994 | D        | Noticed a nagaraja
  5998 | D        | Killed a nagaraja
  5999 | D        | Killed a sphinx
  6000 | D        | Gained mutation: You have razor-sharp toenails. [demonic
                  | ancestry]
  6000 | D        | Reached XP level 16. HP: 115/150 MP: 23/32
  6104 | D        | Noticed Margery
  6133 | D        | Reached skill level 15 in Evocations
  6137 | D        | Killed Margery
  6259 | D        | Got the ring of Xenor {rF+ Dex+2}
  6262 | D        | Got the ring "Ixuzig" {rPois EV+6 Str+2 Dex+8}
  6268 | D        | Got the ring of Kolighaq {rF- rN+ Str+5}
  6271 | D        | Got the ring of Debyz {rF+ Str+6 Stlth+}
  6274 | D        | Got the ring "Eheushrack" {Contam Will+ Str+3}
  6277 | D        | Got the ring "Xargheid" {Str+2 Dex+6}
  6280 | D        | Got the ring "Iruros" {Str+6 Dex+4}
  6283 | D        | Got the ring "Xunug" {rN++ Will- Int+6 Dex+6}
  6286 | D        | Got the ring of the Kangaroo {rElec Str+6 SInv Stlth+}
  6292 | D        | Got the ring "Sely" {Wiz rCorr Str+5 Dex-3}
  6295 | D        | Got the ring of Fallacy {rC+ rN+ Slay-3 Stlth+}
  6298 | D        | Got the ring "Fuzuni" {Wiz rElec rCorr MP+9 Slay-4}
  6300 | D        | Got the ring of Xonakhlof {rPois AC+6}
  6370 | D        | Got the Collected Works on Blows and Bruises
  6402 | D        | Got the amulet of Melee {Reflect Regen+ rCorr Int+5 SH+5}
  6416 | D        | Got the ring of Okalookoa {Will+ Str+7}
  6419 | D        | Got the amulet of Adefuq {Spirit rN+ MP+9 Str+3 Int-4}
  6424 | D        | Got the amulet "Ocvae" {Faith Str+4 Int-4 Dex+4}
  6427 | D        | Got the amulet "Circhaqa" {Reflect rPois Regen+ Int+4 SH+5}
  6430 | D        | Got the ring of Huqazoso {rF- rN++ AC+4 Str+2}
  6433 | D        | Got the ring "Suumuduusk" {Wiz rC+++ Will+ Str-3}
  6435 | D        | Got the ring "Ontiu" {Dex+6 Slay+5}
  6442 | D        | Got the amulet of Honuw {rPois Will++ Regen+}
  6445 | D        | Got the amulet "Bemam" {RegenMP Regen+}
  6448 | D        | Got the ring of Buweap {EV+4 Str+4}
  6453 | D        | Got the amulet "Ystremisu" {RegenMP rF- Will+ Str+5}
  6456 | D        | Got the amulet of Sigett {Faith Fragile rElec Regen+ Int-4}
  6459 | D        | Got the amulet "Devaowie" {RegenMP rElec rN+}
  6605 | D        | Found the +0 staff of Battle
  6605 | D        | Identified the +7 mace "Sothaojy" {vorpal, Contam Will++
                  | Int+6}
  6605 | D        | Identified the amulet "Dirgh" {Reflect Str+6 SH+5}
  6617 | D        | Identified the +1 chain mail "Guamium" {rPois rF- rCorr
                  | Str+6}
  6629 | D        | Gained mutation: You have claws for feet. [demonic
                  | ancestry]
  6629 | D        | Reached XP level 17. HP: 128/156 MP: 20/33
  6664 | D        | Got a silver rune of Zot
  6669 | D        | Got Sif Muna's Incunabulum of Unholy Snow
  6737 | D        | Learned a level 8 spell: Infestation
  6831 | D        | Killed a hellephant
  6907 | D        | Noticed Gloorx Vloq
  6932 | D        | Killed Gloorx Vloq
  6938 | D        | Paralysed by an air elemental for 1 turns
  6946 | D        | Noticed a deep elf blademaster
  6949 | D        | Killed a deep elf blademaster
  6955 | D        | Noticed Xtahua
  7001 | D        | Noticed a deep elf blademaster
  7002 | D        | Noticed a bone dragon
  7006 | D        | Noticed a Killer Klown
  7008 | D        | Killed a deep elf blademaster
  7010 | D        | Noticed a Killer Klown
  7021 | D        | Killed a Killer Klown
  7022 | D        | Killed a bone dragon
  7028 | D        | Killed a Killer Klown
  7053 | D        | Noticed a deep elf blademaster
  7059 | D        | Killed a deep elf blademaster
  7082 | D        | Got the amulet "Ehoikup" {Faith Will++ Dex+2 Stlth-}
  7085 | D        | Got the ring "Honan" {Fly rC- EV+4 Str+3}
  7088 | D        | Got the ring "Muogaj" {rPois Will++ Int+2}
  7091 | D        | Got the ring "Roringef" {Int+6 Dex+4}
  7094 | D        | Got the ring of Internal Strife {rElec Will+++ EV+4 Str+5
                  | Int-3}
  7098 | D        | Got the ring "Jaeman" {rElec Will- Str+3 Dex+6}
  7101 | D        | Got the ring of the Inquisitive Knives {rN+ Will+ Int+4}
  7104 | D        | Got the ring of Scepticism {Fire Dex+2}
  7116 | D        | Killed Xtahua
  7177 | D        | Noticed a deep elf blademaster
  7178 | D        | Noticed a Hell Sentinel
  7185 | D        | Noticed a tentacled monstrosity
  7191 | D        | Killed a deep elf blademaster
  7192 | D        | Gained mutation: You sometimes emit foul miasma when
                  | damaged in melee. [demonic ancestry]
  7192 | D        | Reached XP level 18. HP: 162/171 MP: 20/34
  7195 | D        | Killed a Hell Sentinel
  7196 | D        | Noticed a tentacled monstrosity
  7198 | D        | Killed a tentacled monstrosity
  7224 | D        | Killed a tentacled monstrosity
  7388 | D        | Noticed a Brimstone Fiend
  7392 | D        | Killed a Brimstone Fiend
  7453 | D        | Noticed a hellephant
  7463 | D        | Killed a hellephant
  7466 | D        | Noticed Wanyuxzudu the pandemonium lord
  7466 | D        | Noticed a Tzitzimitl
  7475 | D        | Killed a Tzitzimitl
  7484 | D        | Killed Wanyuxzudu the pandemonium lord
  7527 | D        | Noticed an electric golem
  7533 | D        | Killed an electric golem
  7553 | D        | Noticed a tentacled monstrosity
  7559 | D        | Killed a tentacled monstrosity
  7611 | D        | Noticed a Tzitzimitl
  7622 | D        | Killed a Tzitzimitl
  7625 | D        | Noticed a pearl dragon
  7625 | D        | Found the +6 sword of Cerebov {flame}
  7625 | D        | Noticed Cerebov
  7667 | D        | Noticed a Brimstone Fiend
  7667 | D        | Noticed a Brimstone Fiend
  7668 | D        | Killed Cerebov
  7669 | D        | Gained mutation: You punish those that try to bend your
                  | will. (Will+) [demonic ancestry]
  7669 | D        | Reached XP level 19. HP: 67/187 MP: 35/35
  7674 | D        | Killed a pearl dragon
  7682 | D        | Noticed Antaeus
  7727 | D        | Killed Antaeus
  7812 | D        | Noticed a royal mummy
  7818 | D        | Reached skill level 27 in Fighting
  7826 | D        | Killed a royal mummy
  7947 | D        | Noticed a Tzitzimitl
  7951 | D        | Killed a Tzitzimitl
  7953 | D        | Noticed a Brimstone Fiend
  7958 | D        | Killed a Brimstone Fiend
  7967 | D        | Noticed a hellephant
  7967 | D        | Noticed an orb of fire
  7969 | D        | Gained mutation: You have hidden genetic defects. [an orb
                  | of fire]
  7983 | D        | Gained mutation: You are weak. (Str -2) [hidden defects]
  7991 | D        | Killed an orb of fire
  7997 | D        | Killed a hellephant
  8007 | D        | Noticed a royal mummy
  8019 | D        | Killed a royal mummy
  8101 | D        | Noticed Giamoips the pandemonium lord
  8101 | D        | Noticed a hellephant
  8111 | D        | Killed Giamoips the pandemonium lord
  8125 | D        | Killed a hellephant
  8126 | D        | Reached skill level 27 in Evocations
  8130 | D        | Noticed an electric golem
  8131 | D        | Noticed an ancient lich
  8138 | D        | Killed an electric golem
  8139 | D        | Reached skill level 27 in Invocations
  8147 | D        | Killed an ancient lich
  8148 | D        | Reached skill level 27 in Unarmed Combat
  8157 | D        | Reached skill level 27 in Dodging
  8163 | D        | Noticed an ancient lich
  8168 | D        | Reached skill level 27 in Armour
  8176 | D        | Killed an ancient lich
  8184 | D        | Noticed Lom Lobon
  8184 | D        | Noticed Nouxa the pandemonium lord
  8184 | D        | Noticed Xunooro the pandemonium lord
  8197 | D        | Killed Nouxa the pandemonium lord
  8197 | D        | Killed Xunooro the pandemonium lord
  8198 | D        | Reached XP level 20. HP: 189/197 MP: 37/37
  8244 | D        | Killed Lom Lobon
  8379 | D        | Got the ring of Keoxkat {Ice rElec Will- Int-2 Dex+9}
  8385 | D        | Got the ring of Leinese {Will+ Stlth+}
  8388 | D        | Got the ring "Aruhyiwn" {Will+ rCorr Dex+4 SInv Stlth-}
  8393 | D        | Got the amulet "Buizoiti" {Rampage rElec Regen+ Int-4}
  8415 | D        | Got the amulet "Achurumou" {RegenMP +Inv rElec}
  8417 | D        | Got the ring of Diohotat {Drain rElec rF+ rC+ Slay+2}
  8421 | D        | Got an iron rune of Zot
  8465 | D        | Reached skill level 15 in Necromancy
  8479 | D        | Noticed Rebog the pandemonium lord
  8486 | D        | Killed Rebog the pandemonium lord
  8510 | D        | Learned a level 6 spell: Statue Form
  8517 | D        | Reached skill level 15 in Spellcasting
  8517 | D        | Reached skill level 1 in Transmutations
  8517 | D        | Reached skill level 1 in Earth Magic
  8560 | D        | Identified the +7 morningstar "Buomohei" {venom, *Noise
                  | rPois rF++ Dex+3}
  8601 | D        | Reached skill level 5 in Transmutations
  8601 | D        | Reached skill level 5 in Earth Magic
  9022 | D        | Reached skill level 10 in Transmutations
  9022 | D        | Reached skill level 10 in Earth Magic
  9125 | D        | Gained mutation: You are resistant to unholy torment.
                  | [demonic ancestry]
  9125 | D        | Reached XP level 21. HP: 122/204 MP: 35/43
  9132 | D        | Identified the +4 great sword of the Cup {venom, SInv}
  9137 | D        | Lost mutation: You have hidden genetic defects. [potion of
                  | mutation]
  9137 | D        | Gained mutation: You are agile. (Dex +2) [potion of
                  | mutation]
  9289 | D        | Reached skill level 15 in Transmutations
  9289 | D        | Reached skill level 15 in Earth Magic
  9351 | D        | Got Aniep's Incunabulum of Necromancy and the Entourage
  9368 | D        | Got a golden rune of Zot
  9493 | D        | Noticed a profane servitor
  9514 | D        | Killed a profane servitor
  9557 | D        | Noticed Mennas
  9561 | D        | Noticed a curse toe
  9577 | D        | Killed Mennas
  9594 | D        | Killed a curse toe
  9691 | D        | Noticed Frederick
  9693 | D        | Noticed a curse toe
  9698 | D        | Noticed a golden dragon
  9705 | D        | Killed Frederick
  9707 | D        | Killed a golden dragon
  9712 | D        | Killed a curse toe
  9714 | D        | Gained mutation: You are dopey. (Int -2) [a cacodemon]
  9833 | D        | Noticed Goibluc the pandemonium lord
  9857 | D        | Noticed Yxithri the pandemonium lord
  9865 | D        | Noticed a golden dragon
  9871 | D        | Killed Goibluc the pandemonium lord
  9872 | D        | Reached skill level 27 in Necromancy
  9872 | D        | Gained mutation: You are completely covered in sharp
                  | spines. [demonic ancestry]
  9872 | D        | Reached XP level 22. HP: 87/212 MP: 43/49
  9887 | D        | Killed Yxithri the pandemonium lord
 10061 | D        | Noticed Mnoleg
 10075 | D        | Paralysed by a floating eye for 2 turns
 10080 | D        | Gained mutation: You are covered in fur. (AC +1) [Mnoleg's
                  | mutagenic touch]
 10089 | D        | Killed Mnoleg
 10219 | D        | Noticed the 27-headed Lernaean hydra
 10219 | D        | Noticed the Royal Jelly
 10234 | D        | Killed the Royal Jelly
 10236 | D        | Killed the 27-headed Lernaean hydra
 10295 | D        | Noticed Gifregam the pandemonium lord
 10297 | D        | Noticed an ancient lich
 10304 | D        | Killed an ancient lich
 10331 | D        | Killed Gifregam the pandemonium lord
 10332 | D        | Noticed a royal mummy
 10337 | D        | Noticed Dissolution
 10343 | D        | Killed a royal mummy
 10343 | D        | Killed Dissolution
 10344 | D        | Reached skill level 27 in Spellcasting
 10368 | D        | Noticed Mara
 10390 | D        | Killed Mara
 10440 | D        | Noticed a royal mummy
 10456 | D        | Killed a royal mummy
 10645 | D        | Got the Orb of Zot
 10683 | D        | Noticed Zaczeont the pandemonium lord
 10729 | D        | Killed Zaczeont the pandemonium lord
 10730 | D        | Reached skill level 27 in Transmutations
 10730 | D        | Reached skill level 27 in Earth Magic
 10730 | D        | Gained mutation: You can hurl damnation. [demonic ancestry]
 10730 | D        | Reached XP level 23. HP: 63/219 MP: 48/54
 10757 | D        | Escaped with the Orb!

Illustrated notes

Levels and vault maps discovered:
D:        pitsprint [storerooms_1, entrance_room_1, metal_vault_4, armoury_3,
          mini_pit_1, grid_room_1, main_hall_1, silver_pit, the_coven_1,
          the_vestibule_1, steel_vault_4, golden_pit, hallway_of_sentries,
          crystal_vault_5, iron_vault_4, final_vault]

Skill      XL: |  1  2  3  4  5  6  7  8  9 10 11 12 13 14 15 16 17 18 19 20 21 22 23 |
---------------+----------------------------------------------------------------------+-----
Unarmed Combat | 4 5 8 9 10 11 12 13 14 16 18 19 22 24 27 | 27.0
Invocations    | 3 9 11 12 13 15 17 19 21 23 25 27 | 27.0
Fighting       | 5 8 9 10 11 13 15 17 18 20 23 26 27 | 27.0
Armour         | 4 6 7 9 10 12 13 15 17 18 21 24 27 | 27.0
Dodging        | 5 7 8 9 11 12 14 15 17 18 21 24 27 | 27.0
Evocations     | 12 25 26 27 | 27.0
Spellcasting   | 9 18 23 27 | 27.0
Necromancy     | 11 21 27 | 27.0
Transmutations | 13 20 27 | 27.0
Earth Magic    | 13 20 27 | 27.0
Throwing       | 6 8 |  8.1
Stealth        | |  1.7

Action                   |  1- 3 |  4- 6 |  7- 9 | 10-12 | 13-15 | 16-18 | 19-21 | 22-24 || total
-------------------------+-------+-------+-------+-------+-------+-------+-------+-------++-------
Melee: Unarmed           |    64 |    16 |    48 |   198 |   334 |   384 |   603 |   137 ||  1784
       Punch             |     1 |     2 |     5 |    10 |    32 |    66 |    95 |    25 ||   236
       Kick              |       |       |       |       |    68 |   242 |   339 |    68 ||   717
Throw: Throwing net      |       |       |       |       |       |       |     1 |       ||     1
 Cast: Infestation       |       |       |       |       |       |       |       |     3 ||     3
Invok: Upheaval          |       |     2 |    15 |    42 |    23 |    31 |    13 |    21 ||   147
       Disaster Area     |       |       |       |       |     4 |     1 |       |     2 ||     7
       Elemental Force   |       |       |       |       |     2 |     3 |     2 |     2 ||     9
Evoke: Condenser vane    |       |       |       |       |       |     2 |     2 |     2 ||     6
       Lightning rod     |       |       |       |       |       |       |       |     4 ||     4
       Phantom mirror    |       |       |       |       |       |       |       |     1 ||     1
  Use: Potion            |     2 |     2 |     2 |     5 |     5 |    13 |    19 |     7 ||    55
       Scroll            |       |       |       |       |     1 |     1 |     7 |     1 ||    10
 Stab: Distracted        |       |       |       |       |       |     1 |     1 |       ||     2
       Paralysed         |       |       |       |       |       |       |     3 |       ||     3
Armor: Robe              |    10 |       |       |       |       |       |       |       ||    10
       Scale mail        |     1 |     2 |     2 |       |       |       |       |       ||     5
       Chain mail        |       |       |    31 |   110 |   175 |    24 |       |       ||   340
       Storm dragon scal |       |       |       |       |       |    46 |       |       ||    46
       Ice dragon scales |       |       |       |       |       |    55 |     1 |       ||    56
       Skin              |       |       |       |       |       |     1 |       |       ||     1
       Pearl dragon scal |       |       |       |       |       |       |    78 |   104 ||   182
Dodge: Dodged            |    34 |     2 |    33 |    84 |   153 |   343 |   269 |   175 ||  1093
       Repelled          |       |       |     1 |     3 |     6 |     5 |    11 |     3 ||    29
Block: Other             |     7 |     1 |    23 |    74 |    96 |   160 |   145 |    97 ||   603
       Reflection        |       |       |       |       |       |     1 |     8 |     1 ||    10

Table legend: (Time is in decaauts)
 A = Elapsed time spent in this place.
 B = Non-inter-level travel time spent in this place.
 C = Inter-level travel time spent in this place.
 D = Time resting spent in this place.
 E = Time spent auto-exploring this place.
 F = Levels seen in this place.
 G = Mean time per level.
                   A        B        C        D        E       F      G
               +--------+--------+--------+--------+--------+-----+--------+
         Total |   9983 |   9359 |    624 |   4528 |      0 |   1 | 9983.0 |
       Dungeon |   9983 |   9359 |    624 |   4528 |      0 |   1 | 9983.0 |
               +--------+--------+--------+--------+--------+-----+--------+

Top non-repeatable levels by time:
       D: 9983 daAuts
